 Dungeon Crawl Stone Soup version 0.29.1-15-g9cfb28693d (webtiles) character file.

Game seed: 737582254006091490

32 protoss039 the Digger (level 3, 20/26 HPs)
             Began as a Demonspawn Earth Elementalist on Mar 15, 2023.
             Got out of the dungeon alive.
             The game lasted 00:00:57 (827 turns).

protoss039 the Digger (DsEE)                         Turns: 827, Time: 00:00:58

Health: 20/26      AC:  3    Str:  8    XL:     3   Next: 8%
Magic:  6/6        EV: 11    Int: 18    God:
Gold:   28         SH:  0    Dex: 13    Spells: 6/7 levels left

rFire   . . .      SeeInvis .   d - +0 dagger
rCold   . . .      Faith    .   (no shield)
rNeg    . . .      Spirit   .   e - +0 leather armour
rPois   .          Reflect  .   (no helmet)
rElec   .          Harm     .   (no cloak)
rCorr   .          Rampage  .   (no gloves)
Will    .....                   (no boots)
Stlth   ++........              (no amulet)
HPRegen 0.08/turn               (no ring)
MPRegen 0.10/turn               (no ring)

@: no status effects
A: foul stench 1, powered by pain 1
a: no special abilities


You escaped.
You visited 1 branch of the dungeon, and saw 1 of its levels.

You collected 28 gold pieces.

Inventory:

Hand Weapons
 d - a +0 dagger (weapon)
Armour
 e - a +0 leather armour (worn)
Magical Staves
 f - a staff of cold
Scrolls
 a - 2 scrolls of identify {unknown}
 g - a scroll of brand weapon {unknown}
Potions
 b - a potion of magic
 c - 3 potions of curing {unknown}


   Skills:
 + Level 1.4 Fighting
 - Level 1.7 Dodging
 - Level 1.7 Stealth
 + Level 2.5 Spellcasting
 - Level 0.8 Transmutations
 + Level 3.1 Earth Magic


You had 6 spell levels left.
You knew the following spells:

 Your Spells              Type           Power      Damage    Failure   Level
a - Sandblast             Erth           26%        2d8       7%          1

Your spell library contained the following spells:

 Spells                   Type           Power      Damage    Failure   Level
 Passwall                 Tmut/Erth      7%         N/A       17%         2
 Stone Arrow              Conj/Erth      14%        3d7       36%         3
 Petrify                  Tmut/Erth      9%         N/A       73%         4


Dungeon Overview and Level Annotations

Branches:
Dungeon (1/15) Zot: 5163

Altars:


Innate Abilities, Weirdness & Mutations

You may rarely emit foul miasma when damaged in melee.
You sometimes gain a little power by taking damage.


Message History

The dart slug is severely wounded.
The dart slug bites you.
A dart slug is nearby!
You hit the dart slug.
The dart slug is almost dead.
The dart slug launches a dart at you. The slug dart hits you.
A dart slug is nearby!
A dart slug is nearby!
You hit the dart slug.
You kill the dart slug!
You have reached level 3!
Your experience leads to an increase in your attributes!
Increase (S)trength, (I)ntelligence, or (D)exterity?
You feel clever. x2; Your demonic ancestry asserts itself...
You begin to emit a foul stench of rot and decay.
A jackal is nearby!
You can't go up here!
A jackal is nearby!
Casting: Sandblast (safe; 7% risk of failure)
Confirm with . or Enter, or press ? or * to list all spells.
Aiming: Sandblast (safe; 7% risk of failure)
Press: ? - help, Shift-Dir - straight line, f - jackal
Aim: a jackal (wandering, hasn't noticed you, 77% to hit)
The blast of sand hits the jackal!
You kill the jackal!
Unknown command.
Casting: Sandblast (safe; 7% risk of failure)
Confirm with . or Enter, or press ? or * to list all spells.
Aiming: Sandblast (safe; 7% risk of failure)
Press: ? - help, Shift-Dir - straight line, f - you That would be overly suicidal.
Okay, then.
(D) Dungeon
Where to? (Enter - D:1 @ (x,y), ? - help)
You see here a jackal corpse.
There is an open door here.
There is a staircase leading out of the dungeon here.
Are you sure you want to leave the Dungeon?
This will make you lose the game!
You have escaped!

.#..#..P...P.#..#
.#..#.P.P....#..#
.#..#8.P.....#..#
.#..#.P.....8#..#
.#..#..P.....#..#
........P.P..#..#
............8##'#
.......#######..##
............#...@#
♣♣..........'....#
♣♣♣...#######..##
♣♣♣♣♣ ####


There were no monsters in sight!

Vanquished Creatures
  A gnoll (D:1)
  2 dart slugs (D:1)
  2 endoplasms (D:1)
  2 giant cockroaches (D:1)
  A goblin (D:1)
  4 jackals (D:1)
  A ball python (D:1)
  A bat (D:1)
  A frilled lizard (D:1)
  2 rats (D:1)
17 creatures vanquished.

Notes
Turn   | Place    | Note
-------+----------+-------------------------------------------
     0 | D:1      | protoss039 the Demonspawn Earth Elementalist began the
                  | quest for the Orb.
     0 | D:1      | Reached XP level 1. HP: 13/13 MP: 3/3
    51 | D:1      | Found a faded altar of an unknown god.
   168 | D:1      | Gained mutation: You sometimes gain a little power by
                  | taking damage. [demonic ancestry]
   168 | D:1      | Reached XP level 2. HP: 20/20 MP: 1/5
   268 | D:1      | Reached skill level 1 in Fighting
   460 | D:1      | Reached skill level 3 in Earth Magic
   752 | D:1      | Gained mutation: You may rarely emit foul miasma when
                  | damaged in melee. [demonic ancestry]
   752 | D:1      | Reached XP level 3. HP: 14/26 MP: 6/6
   827 | D:$      | Got out of the dungeon alive.

Illustrated notes

Levels and vault maps discovered:
D:1:      sevenhm_arrival_forest_fort_large_4, layout_basic,
          ebering_ecumenical_altar_sacrificial

Skill      XL: |  1  2 |
---------------+-------+-----
Fighting       | 1 |  1.4
Earth Magic    | 3 |  3.1
Dodging        | |  1.7
Stealth        | |  1.7
Spellcasting   | |  2.5
Transmutations | |  0.8

Action                   || total
-------------------------++-------
Melee: Dagger            ||    15
 Cast: Sandblast         ||    21
Armor: Leather armour    ||     4
Dodge: Dodged            ||    13
